 Dungeon Crawl Stone Soup version 0.25-a0-287-g56a5b49892 (webtiles) character file.

Game seed: 13319015995435533735, levelgen mode: deterministic

62 Esekla the Skirmisher (level 3, 0/23 HPs)
             Began as a Deep Elf Abyssal Knight on Dec 12, 2019.
             Was a Follower of Lugonu.
             Succumbed to an adder's poison
             ... on level 2 of the Dungeon.
             The game lasted 00:10:18 (1547 turns).

Esekla the Skirmisher (Deep Elf Abyssal Knight)     Turns: 1547, Time: 00:10:19

Health: 0/23       AC:  4    Str:  6 (9)  XL:     3   Next: 85%
Magic:  6/6        EV: 12    Int: 13 (16) God:    Lugonu [*.....]
Gold:   29         SH:  0    Dex: 14 (15) Spells: 2/2 levels left

rFire    . . .     SeeInvis .   a - +1 falchion
rCold    . . .     Gourm    .   (no shield)
rNeg     . . .     Faith    .   b - +0 leather armour
rPois    .         Spirit   .   (no helmet)
rElec    .         Reflect  .   (no cloak)
rCorr    .         Harm     .   f - +0 pair of gloves of Ririg {Stlth+}
MR       .....                  (no boots)
Stlth    ++........             (no amulet)
HPRegen  0.07/turn              (no ring)
MPRegen  0.10/turn              (no ring)

@: lethally poisoned (0 -> -11)
A: no striking features
a: Depart the Abyss, Renounce Religion


You were on level 2 of the Dungeon.
You worshipped Lugonu.
Lugonu was aware of your devotion.
You were not hungry.

You visited 1 branch of the dungeon, and saw 2 of its levels.
You visited the Abyss 1 time.

You collected 29 gold pieces.

Inventory:

Hand Weapons
 a - a +1 falchion (weapon)
Armour
 b - a +0 leather armour (worn)
 f - the +0 pair of gloves of Ririg (worn) {Stlth+}
   (You found it on level 2 of the Abyss)

   It makes you more stealthy.
Scrolls
 e - a scroll of blinking {unknown}
 j - a scroll of enchant armour {unknown}
 k - a scroll of remove curse
 m - a scroll of magic mapping {unknown}
Potions
 d - 2 potions of degeneration
 g - a potion of heal wounds {unknown}
 h - 2 potions of curing {unknown}
 i - a potion of flight {unknown}
 l - a potion of might {unknown}
 n - a potion of invisibility {unknown}
Comestibles
 c - 2 rations


   Skills:
 + Level 3.1 Fighting
 * Level 2.5 Long Blades
 + Level 1.1 Armour
 + Level 2.8 Dodging
 + Level 0.5 Stealth
 + Level 2.2 Invocations


You had 2 spell levels left.
You didn't know any spells.
Your spell library was empty.

Dungeon Overview and Level Annotations

Branches:
Dungeon (2/15)

Altars:
Elyvilon
Qazlal
Xom


Message History

You barely miss the adder.
The adder is severely wounded.
You feel sick. The adder bites you. x2
* * * LOW HITPOINT WARNING * * *
You barely miss the adder.
The adder is severely wounded.
The adder bites you but does no damage.
You completely miss the adder.
The adder is severely wounded.
* * * LOW HITPOINT WARNING * * *
You feel sick. The adder bites you.
* * * LOW HITPOINT WARNING * * *
The adder bites you.
* * * LOW HITPOINT WARNING * * *
You are more poisoned.
The adder poisons you!
It was a potion of degeneration.
There was something very wrong with that liquid.
You feel weakened.
You feel dopey.
You feel clumsy.
You die...

##.................###)#
#.............#######..
#..........#...##......
#..$.........#.##......
#...............#......
#......................
#8...8##.............#.#......
##.....##.....S...[............
_....._#.....@................
#.....##......#####+#.........
#8...8 #######...#...........#
##_## #.....................# +#
########.....................# .#
#.....#......................# .#
#.#.#.......รท................'
.# #...#........................#
.###'###......)..................


You could see an adder.

Vanquished Creatures
  Natasha (D:2)
  A worm (D:2)
  2 dart slugs (D:1)
  3 leopard geckos
  5 bats
  2 goblins (D:1)
  3 hobgoblins
  4 frilled lizards
  4 kobolds
  5 rats
30 creatures vanquished.

Notes
Turn   | Place    | Note
-------+----------+-------------------------------------------
     0 | Abyss:1  | Esekla the Deep Elf Abyssal Knight began the quest for the
                  | Orb.
     0 | Abyss:1  | Reached XP level 1. HP: 13/13 MP: 4/4
    85 | Abyss:2  | Got a pair of smoking gloves
    91 | Abyss:2  | Identified the cursed +0 pair of gloves of Ririg {Stlth+}
                  | (You found it on level 2 of the Abyss)
   101 | Abyss:2  | Noticed an ancient zyme
   110 | Abyss:2  | Noticed a small abomination
   129 | Abyss:2  | Noticed a thrashing horror
   131 | Abyss:2  | Noticed a worldbinder
   133 | Abyss:2  | Noticed a thrashing horror
   136 | Abyss:2  | Noticed a white very ugly thing
   137 | Abyss:2  | Noticed a deep elf knight
   137 | Abyss:2  | Noticed a deep elf archer
   137 | Abyss:2  | Noticed a deep elf mage
   137 | D:1      | Escaped the Abyss
   564 | D:2      | Reached XP level 2. HP: 11/18 MP: 5/5
   677 | D:2      | Found a stormy altar of Qazlal.
   678 | D:2      | Found a shimmering altar of Xom.
   679 | D:2      | Found a white marble altar of Elyvilon.
   686 | D:2      | Reached skill level 3 in Fighting
   980 | D:1      | Reached * piety under Lugonu
  1039 | D:2      | Noticed Natasha
  1048 | D:2      | Killed Natasha
  1048 | D:2      | Reached skill level 1 in Armour
  1048 | D:2      | Reached XP level 3. HP: 17/23 MP: 6/6
  1546 | D:2      | HP: 1/23 [adder (2)]
  1547 | D:2      | Succumbed to an adder's poison

Levels and vault maps discovered:
D:1:      minmay_arrival_wavy_path, layout_loops_ring
D:2:      layout_basic, nicolae_overflow_hidden_temple, first_ration,
          serial_curves, eino_curves_04, eino_curves_04, uniq_natasha

Skill      XL: |  1  2 |
---------------+-------+-----
Fighting       | 3 |  3.1
Long Blades    | 2 |  2.5
Armour         | 1 |  1.1
Dodging        | |  2.8
Stealth        | |  0.5
Invocations    | |  2.2

Action                   || total
-------------------------++-------
Melee: Falchion          ||   100
Invok: Depart the Abyss  ||     1
  Use: Scroll            ||     1
       Potion            ||     1
 Stab: Sleeping          ||     6
  Eat: Chunk             ||     2
Armor: Leather armour    ||    25
Dodge: Dodged            ||    63
       Rpst.: Falchion   ||    20

Table legend:
 A = Non-vault XP
 B = Vault XP
 C = Vault XP percentage of total XP
 D = Non-vault monster count
 E = Vault monster count
 F = Vault count percentage of total count
                 A         B        C        D         E       F
            +---------+---------+-------+---------+---------+-------
      Total |      54 |      35 |  39.3 |      29 |       1 |   3.3
            +---------+---------+-------+---------+---------+-------
        D:1 |      35 |       0 |   0.0 |      19 |       0 |   0.0
        D:2 |      19 |      35 |  64.8 |      10 |       1 |   9.1
            +---------+---------+-------+---------+---------+-------
